Map: Scythe of Amon

Players

bendy

  • Race: Zerg Zerg
  • Spawn Location: 5:00

NamroodTuo

  • Race: Zerg Zerg

VOD

Have the link to the VOD?

Description

Time

  • Played on: Feb. 5, 2023, 4:50 a.m.
  • Length: 28:13
Show
View Real Time Build Order
Export as new Build Order

bendy Zerg 

Build Orders:  

Get SALT Encoding   

  12  0:11  Extractor  
  12  0:15  Extractor  
  10  0:32  Evolution Chamber  
  10  0:33  Drone x2  
  11  0:51  Drone  
  11  0:52  Drone  
  11  0:56  Drone  
  14  1:10  Overlord  
  14  1:25  Overlord  
  14  2:24  Drone x4, Spawning Pool  
  17  2:59  Lair  
  17  3:02  Heroic Fortitude  
  17  3:16  Drone x3  
  17  3:17  Drone  
  21  3:24  Drone  
  22  4:00  Hive  
  22  4:17  Drone  
  22  4:18  Drone x3  
  26  4:40  Chain Reaction  
  26  4:45  Drone  
  27  7:48  Hydralisk Den  
  26  7:52  Ultralisk Cavern  
  26  7:57  Spire  
  26  7:59  Overlord x5  
  24  8:00  Overlord  
  24  8:54  Unknown, Drone x2, Ventral Sacs  
  24  8:55  Drone  
  27  9:03  Metabolic Boost  
  27  9:54  Queen  
  29  10:03  Hardened Carapace  
  29  10:44  Queen  
  31  10:51  Zergling x6  
  31  10:52  Zergling x6  
  31  10:59  Ability Efficiency  
  37  11:03  Adrenal Overload  
  37  11:07  Greater Spire  
  37  11:34  Queen  
  39  12:03  Shredding Claws  
  39  12:04  Drone  
  40  12:21  Zergling x8  
  40  12:22  Zergling x4  
  46  12:30  Hatchery  
  45  12:59  Zerg Melee Weapons Level 1  
  33  13:56  Zergling x4  
  33  13:57  Zergling x10  
  33  13:58  Zergling x6  
  43  14:08  Drone  
  43  14:09  Drone x2  
  46  14:11  Lair  
  44  15:20  Drone x2  
  44  15:21  Drone x3  
  44  15:23  Hive  
  44  15:28  Zergling x10  
  44  15:29  Zergling x8  
  50  15:30  Zergling x2  
  50  15:39  Zerg Missile Weapons Level 1  
  51  16:05  Drone x3  
  54  16:11  Extractor  
  54  16:19  Extractor  
  42  16:52  Zergling x10  
  42  16:53  Zergling x2  
  48  17:02  Chitinous Plating  
  48  17:06  Ultralisk x3  
  48  17:09  Zergling x2  
  67  17:12  Overseer  
  65  18:11  Drone x2  
  65  18:12  Drone x2  
  65  18:13  Drone x2  
  65  18:16  Queen  
  65  18:19  Zerg Ground Armor Level 1  
  71  18:23  Overlord x3  
  71  18:24  Overlord x6  
  71  18:25  Overlord  
  50  19:06  Queen  
  50  19:08  Zergling x2  
  50  19:09  Zergling x10  
  58  19:56  Queen  
  57  20:36  Zergling x6  
  57  20:37  Zergling x2  
  73  20:43  Hydralisk x2  
  73  20:44  Hydralisk x4  
  73  20:46  Queen  
  72  20:52  Mutalisk x2  
  72  20:53  Mutalisk x3  
  72  20:57  Hydralisk x4  
  72  20:58  Hydralisk  
  72  20:59  Zerg Melee Weapons Level 2  
  92  21:34  Zergling x8  
  92  21:36  Queen  
  92  21:39  Hydralisk x3  
  96  22:40  Hydralisk x3  
  96  22:41  Hydralisk x4  
  82  23:17  Ultralisk, Zergling x2  
  99  23:22  Hydralisk x4  
  99  23:23  Hydralisk  
  93  24:01  Hydralisk x2  
  93  24:05  Drone x5  
  93  24:06  Drone  
  74  24:57  Hydralisk x2  
  74  25:25  Mutalisk  
  74  25:26  Mutalisk x4  
  74  25:27  Zergling x6  
  97  25:30  Hydralisk x4  
  97  25:31  Hydralisk  
  60  26:57  Zergling x4  
  60  26:58  Zergling x10  
  73  27:02  Hydralisk x3  
  73  27:03  Hydralisk  
  73  27:11  Queen  
Show
View Real Time Build Order
Export as new Build Order

NamroodTuo Zerg 

Build Orders:  

Get SALT Encoding   

  12  0:03  Infested SCV  
  13  0:12  Infested SCV  
  14  0:21  Infested SCV  
  15  0:32  Overlord  
  15  1:04  Infested Barracks  
  15  1:08  Infested SCV  
  16  1:11  Overlord  
  16  1:15  Infested SCV  
  17  1:26  Infested Refinery  
  17  1:29  Infested Refinery  
  17  1:35  Infested SCV  
  18  1:45  Infested SCV  
  19  2:09  Infested SCV x2  
  21  2:12  Infested Marine  
  21  2:13  Infested Marine  
  21  2:14  Infested Marine  
  24  2:22  Infested Barracks Tech Lab  
  24  2:25  Infested SCV  
  25  2:52  Retinal Augmentation  
  25  2:53  Infested Engineering Bay  
  25  2:56  Infested Marine x3  
  25  2:57  Infested Marine  
  29  3:12  Infested SCV  
  29  3:15  Overlord  
  29  3:18  Overlord  
  30  3:28  Unknown  
  30  3:40  Infested Marine x3  
  30  3:41  Infested Marine x4  
  30  3:42  Infested Marine  
  34  4:09  Infested Bunker  
  38  4:14  Infested SCV  
  38  4:16  Infested SCV  
  40  4:33  Regenerative Plating  
  37  4:52  Infested Factory, Infested SCV  
  37  4:54  Infested SCV  
  39  5:03  Infested Barracks  
  31  5:59  Infested Bunker  
  35  6:05  Plagued Munitions  
  35  6:08  Stukov Infantry Weapons Level 1  
  35  6:23  Infested Armory  
  35  6:24  Infested SCV  
  36  6:30  Infested SCV  
  36  6:36  Overlord  
  41  7:20  Infested Bunker  
  41  7:37  Stukov Vehicle and Ship Weapons Level 1  
  41  7:46  Infested SCV  
  41  7:49  Overlord  
  42  8:18  Infested Factory Tech Lab  
  41  8:36  Infested Marine  
  41  8:37  Infested Marine x8  
  41  8:38  Infested Marine x4  
  41  8:39  Infested Marine x4  
  57  8:40  Infested Marine  
  57  8:48  Stukov Infantry Armor Level 1  
  55  8:55  Infested SCV  
  56  9:35  Infested Bunker  
  60  9:56  Automated Mitosis  
  60  10:15  Infested Marine  
  60  10:16  Infested Marine x17  
  60  10:17  Stukov Vehicle and Ship Armor Level 1  
  61  10:56  Acidic Enzymes  
  61  11:28  Calcified Armor  
  61  11:39  Aggressive Incubation  
  61  11:41  Infested Command Center  
  61  11:51  Overlord x4  
  61  11:52  Overlord  
  45  12:09  Overlord  
  45  12:28  Stukov Infantry Weapons Level 2  
  49  12:39  Infested Bunker  
  49  12:55  Infested SCV x2  
  49  12:56  Infested SCV  
  49  12:57  Stukov Vehicle and Ship Weapons Level 2  
  52  13:07  Infested Barracks  
  52  13:13  Infested Barracks  
  52  13:31  Infested Marine  
  52  13:32  Infested Marine x9  
  56  14:54  Infested SCV x2  
  56  14:55  Infested SCV x3  
  59  15:01  Infested Refinery  
  57  15:10  Infested Refinery  
  57  15:14  Infested Marine x4  
  57  15:15  Infested Marine x22  
  57  15:16  Infested Marine x20  
  103  15:38  Stukov Infantry Armor Level 2  
  103  16:04  Infested Marine  
  103  16:05  Infested Marine x12  
  103  16:06  Infested Marine x10  
  103  16:07  Stukov Vehicle and Ship Armor Level 2  
  115  16:39  Infested Marine  
  101  16:40  Infested Marine x11  
  101  16:41  Infested Marine x16  
  105  17:03  Infested Marine  
  105  17:04  Infested Marine x12  
  105  17:05  Infested Marine x11  
  126  17:27  Overlord x5  
  126  17:47  Infested Marine  
  126  17:48  Infested Marine x12  
  116  18:18  Infested Marine x2  
  116  18:19  Infested Marine x21  
  117  18:20  Infested Marine x14  
  116  18:48  Stukov Infantry Weapons Level 3  
  109  18:51  Infested SCV  
  109  18:52  Infested SCV x4  
  115  19:02  Infested Bunker x2  
  109  19:12  Infested Bunker  
  105  19:34  Infested Marine  
  105  19:35  Infested Marine x16  
  105  19:36  Infested Marine x18  
  105  19:37  Infested Marine x2  
  109  20:36  Infested SCV  
  109  20:37  Infested SCV x3  
  113  20:43  Infested SCV  
  93  21:05  Infested Marine  
  93  21:06  Infested Marine x10  
  93  21:07  Infested Marine x20  
  93  21:08  Infested Marine x21  
  93  21:09  Infested Marine x2  
  131  21:26  Infested Marine  
  131  21:27  Infested Marine x17  
  131  21:28  Infested Marine x17  
  166  22:11  Infested Marine  
  166  22:12  Infested Marine  
  160  22:38  Infested Marine x3  
  160  22:39  Infested Marine x10  
  166  22:43  Overlord x4  
  166  22:44  Overlord  
  166  22:46  Stukov Infantry Armor Level 3  
  87  23:16  Infested Bunker  
  91  23:26  Infested Bunker x2  
  93  23:43  Infested Marine x3  
  93  23:44  Infested Marine x10  
  106  23:59  Infested Bunker  
  114  24:12  Infested Bunker  
  77  25:22  Infested Marine  
  77  25:23  Infested Marine x13  
  77  25:24  Infested Marine x21  
  77  25:25  Infested Marine x21  
  77  25:26  Infested Marine x4  
  96  27:02  Infested Marine x3  
  96  27:03  Infested Marine x21  
  96  27:04  Infested Marine x21  
  96  27:05  Infested Marine x21  
  96  27:06  Infested Marine x2  
  96  27:07  Infested Marine x12  
Tags
 
Matchup
Co-op
Replay Pack
Multiplayer
Add a new tag
Caveats
  • Supply blocks, unpowered buildings, or Contaminate may cause inaccurate times.
  • Supply counts are checked every 10 seconds.